Cogmind - Beta 16.1 @@@ ROGUE MODE // 2026.04.27 @ 06:40:51 Player: shapeshifter Result: Destroyed by Lightning with EMDS Performance ------------- Evolutions (6) 3000 Regions Visited (25) 5000 Robots Destroyed (144) 720 Value Destroyed (4127) 4127 Prototype IDs (33) 660 Alien Tech Used (1) 200 Bonus (4769) 4769 TOTAL SCORE: 18476 Bonus ------- High Alert Combat Kills 290 Follower Combat Kills 2079 Network Hubs Disabled 800 Registered with UFD 300 Met Optimus in HQ 500 Met Zhirov 300 Met R17 at Cetus 500 Cogmind --------- Core Integrity 0/1150 Matter 299/300 Energy 100/100 System Corruption 11% Temperature Cool (0) Movement Core (200) Ox3 Location -4/Hub_04(d) Parts ------- > --- POWER (2) -------- (None) > --- PROPULSION (7) --- (None) > --- UTILITY (8) ------ Medium Storage Unit Machine Analyzer Enhanced Optical Array Improved Hacking Suite Improved Hacking Suite Advanced System Shield > --- WEAPON (2) ------- (None) > --- INVENTORY (10) --- Micro Fission Core Makeshift ECM Suite Advanced Reaction Control System Experimental Core Shielding Centrium Medium Armor Plating Transdimensional Reconstructor Advanced KE Penetrator Advanced KE Penetrator Rocket Array Force Lance Peak State ------------ > --- POWER ------------ Micro Fission Core Compact Particle Reactor > --- PROPULSION ------- Improved VTOL Module Improved VTOL Module Cooled Nuclear Pulse Thruster Cooled Nuclear Pulse Thruster Cooled Nuclear Pulse Thruster Nuclear Pulse Array > --- UTILITY ---------- Medium Storage Unit Machine Analyzer Enhanced Optical Array Long-range IFF Parser Improved Cloaking Device Improved Hacking Suite Improved Hacking Suite Advanced System Shield > --- WEAPON ----------- Advanced Variable Charge Gun Force Lance > --- INVENTORY -------- Light Antimatter Reactor Makeshift ECM Suite Advanced Reaction Control System Experimental Core Shielding Centrium Medium Armor Plating Transdimensional Reconstructor Advanced KE Penetrator Advanced KE Penetrator Rocket Array [Rating: 118] Favorites ----------- Power Micro Fission Core Engine Ion Engine Power Core Micro Fission Core Reactor Compact Particle Reactor Propulsion Light Treads Treads Light Treads Leg VSS Leg Wheel Wheel Hover Unit Antigrav System Flight Unit Improved VTOL Module Utility High-capacity Storage Unit Device Improved Heat Sink Storage High-capacity Storage Unit Processor Machine Analyzer Hackware Hacking Suite Protection Light Armor Plating Weapon Flak Cannon Energy Gun Improved EM Shotgun Energy Cannon Phase Cannon Ballistic Gun Flak Gun Ballistic Cannon Flak Cannon Launcher Rocket Array Special Weapon Improved Remote Datajack Impact Weapon Power Maul Piercing Weapon Force Lance Special Melee Weapon Improved Datajack Build | -11 -10 -10 -9 -9 -9 -8 -8 -8 -8 -8 -6 -6 -6 -5 -5 -5 -5 -5 -5 -4 -4 -4 -4 -4 -4 ------- Run | Yrd Mat Min Mat Min Exi Min Mat Sto Rec Scr Fac Was Fac Fac Was Fac Upp Upp Zhi Pro Fac Ext Cet Arc Hub Slots Evolved 12 | . . . 2 . . . 2 . . . 4 . . 2 . . . . . . 2 . . . . Power 1 | . . . . . . . . . . . . . . 1 . . . . . . . . . . . Propulsion 5 | . . . 1 . . . 1 . . . 2 . . 1 . . . . . . . . . . . Utility 6 | . . . 1 . . . 1 . . . 2 . . . . . . . . . 2 . . . . Weapon . | . . . . . . . . . . . . . . . . . . . . . . . . . . Parts Attached 142 | 7 3 2 9 8 . 4 10 28 3 13 8 . 4 3 3 2 3 1 11 . 4 6 6 2 2 Power 19 | 1 . 1 1 . . 1 1 2 . 3 . . . 2 1 1 1 . 1 . . 2 . . 1 Engine 6 | 1 . . 1 . . . . 1 . 2 . . . 1 . . . . . . . . . . . Core 8 | . . 1 . . . 1 1 . . 1 . . . 1 . 1 1 . . . . 1 . . . Reactor 5 | . . . . . . . . 1 . . . . . . 1 . . . 1 . . 1 . . 1 Propulsion 44 | 2 2 . 1 3 . . 4 18 . 2 2 . 1 . 1 1 2 . 3 . 1 . 1 . . Treads 15 | 2 . . 1 1 . . 4 6 . . . . . . . . . . . . . . 1 . . Leg 4 | . . . . . . . . 4 . . . . . . . . . . . . . . . . . Wheel 4 | . 2 . . 2 . . . . . . . . . . . . . . . . . . . . . Hover 2 | . . . . . . . . . . . . . . . . . 2 . . . . . . . . Flight 19 | . . . . . . . . 8 . 2 2 . 1 . 1 1 . . 3 . 1 . . . . Utility 42 | 2 . . 5 3 . 1 2 3 1 4 5 . 1 . 1 . . . 6 . 3 1 1 2 1 Device 17 | 1 . . 1 1 . 1 . 1 . 2 1 . 1 . . . . . 4 . 1 1 . 1 1 Storage 5 | 1 . . 1 . . . . . . 1 1 . . . . . . . 1 . . . . . . Processor 2 | . . . . . . . . . . 1 . . . . 1 . . . . . . . . . . Hackware 6 | . . . . . . . . . 1 . 3 . . . . . . . . . 1 . . 1 . Protection 12 | . . . 3 2 . . 2 2 . . . . . . . . . . 1 . 1 . 1 . . Artifact . | . . . . . . . . . . . . . . . . . . . . . . . . . . Weapon 37 | 2 1 1 2 2 . 2 3 5 2 4 1 . 2 1 . . . 1 1 . . 3 4 . . Energy Gun 8 | 1 . 1 1 1 . . . 2 . . . . . . . . . . . . . . 2 . . Energy Cannon 1 | . . . . . . . . . . . . . 1 . . . . . . . . . . . . Ballistic Gun 12 | 1 1 . 1 1 . 2 2 1 . . . . . 1 . . . . . . . . 2 . . Ballistic Cannon 2 | . . . . . . . . . 2 . . . . . . . . . . . . . . . . Launcher 2 | . . . . . . . . 1 . . . . 1 . . . . . . . . . . . . Special Weapon 6 | . . . . . . . . . . 3 . . . . . . . 1 1 . . 1 . . . Impact Weapon 4 | . . . . . . . 1 1 . . 1 . . . . . . . . . . 1 . . . Slashing Weapon . | . . . . . . . . . . . . . . . . . . . . . . . . . . Piercing Weapon 1 | . . . . . . . . . . . . . . . . . . . . . . 1 . . . Special Melee Weapon 1 | . . . . . . . . . . 1 . . . . . . . . . . . . . . . Unidentified Prototypes 19 | . . . 1 . . . . 4 . 1 . . 1 . 2 . . . 5 . . 1 4 . . Parts Lost 55 | . . 2 3 8 . 3 4 12 . . . . 3 2 . 1 3 . . . . 3 . . 11 Power 8 | . . 1 1 . . 1 . 1 . . . . 1 . . . . . . . . 1 . . 2 Propulsion 23 | . . . . 3 . . 2 5 . . . . 2 1 . 1 3 . . . . . . . 6 Utility 14 | . . . 2 2 . . 2 3 . . . . . 1 . . . . . . . 1 . . 3 Weapon 10 | . . 1 . 3 . 2 . 3 . . . . . . . . . . . . . 1 . . . Highest Loss Streak 11 | . . 2 1 6 . 2 2 7 . . . . 2 2 . 1 2 . . . . 2 . . 11 To Critical Strikes . | . . . . . . . . . . . . . . . . . . . . . . . . . . Average Backups 13 | 3 5 6 6 12 17 15 18 19 19 18 7 7 7 7 7 8 8 9 6 9 7 8 9 10 9 Power . | . 1 1 . . . . . . . . . . . . . . . . . . . . . 1 1 Propulsion 3 | 1 1 1 . 4 7 7 6 5 8 7 1 1 . . . . . . . . . . . . . Utility 5 | . . 1 3 2 3 3 6 10 7 7 3 3 3 4 4 5 4 4 3 6 4 4 5 5 4 Weapon 3 | . 1 3 2 4 7 4 5 2 2 2 2 2 2 2 2 2 2 3 1 2 1 1 2 3 3 Tool/Special . | . . . . . . . . . . . . . . . . . . . . . . . . . . Unused Backups 51 | . . . . 1 . 1 4 7 3 5 . . 1 . 2 . 1 . 1 . . . 20 1 4 Power 2 | . . . . . . . . . . . . . . . . . . . . . . . 2 . . Propulsion 11 | . . . . 1 . . 4 2 . 1 . . . . . . . . . . . . 3 . . Utility 28 | . . . . . . . . 3 3 4 . . . . 2 . 1 . 1 . . . 11 1 2 Weapon 9 | . . . . . . 1 . 2 . . . . 1 . . . . . . . . . 4 . 1 Tool/Special 1 | . . . . . . . . . . . . . . . . . . . . . . . . . 1 Average Slot Usage (%) 93 | . 100 99 97 96 77 93 94 87 99 97 98 100 99 77 74 83 73 64 88 100 92 93 93 94 79 Engine 4 | . 14 5 5 11 11 . . 1 9 8 . . . 4 . . . . . . . . . . . Core 3 | . . 7 5 . . 5 9 2 . . 6 6 6 . 5 7 8 5 5 5 5 6 5 5 3 Reactor 1 | . . . . . . . . 4 . . . . . . . . . . 1 5 5 3 5 5 3 Treads 10 | . 27 14 11 10 11 11 20 28 . . . . . . . . . . . . . . . . . Leg 6 | . . . . . . . . . 36 30 . . . . . . . . . . . . . . . Wheel 5 | . . 14 22 20 22 22 9 . . . . . . . . . . . . . . . . . . Flight 9 | . . . . . . . . 2 . 5 39 40 39 29 25 30 21 17 32 35 31 31 30 31 23 Device 8 | . 14 14 4 8 11 11 10 6 9 9 6 6 6 5 . . . . . 5 8 9 5 5 6 Storage 8 | . 14 14 11 11 11 11 9 9 9 9 6 6 6 5 5 5 5 5 4 5 5 5 5 5 5 Processor 3 | . . . . . . . . . . 3 6 6 6 5 9 11 11 11 11 11 10 10 10 10 10 Hackware 6 | . . . . . . . . . 8 9 19 20 20 17 17 17 17 17 16 11 12 15 15 15 15 Protection 7 | . . . 15 13 11 11 16 14 9 5 . . . . . . . . . . 1 . 5 4 1 Energy Gun 4 | . 14 8 11 19 . 7 . 2 10 . . . . . . . . . . . . . 3 5 3 Ballistic Gun 6 | . 14 19 11 1 . 14 17 11 . . . . . . . . . . . . . . . . . Ballistic Cannon 2 | . . . . . . . . . 7 13 . . . . . . . . . . . . . . . Impact Weapon 1 | . . . . . . . . 1 . . 6 13 12 5 7 8 2 . 2 5 5 4 . . . Peak Build Rating 118 | 7 7 9 17 18 18 23 32 36 33 46 53 53 57 51 62 77 72 53 91 91 107 113 117 113 118 Average Rating 40 | 5 7 8 14 16 13 20 27 27 32 35 51 53 53 46 54 67 55 47 72 91 102 107 109 111 95 On Entrance 48 | . 7 7 9 13 18 18 22 31 30 33 40 53 53 44 43 62 67 47 47 91 91 107 109 111 113 Avg Prop Armor Cover (%) 9 | . 13 13 7 7 10 8 9 3 . . . . . . . . 17 12 8 5 5 . . . . Naked Turns . | . . . . . . . . . . . . . . . . . . . . . . . . . . Heaviest Build 79 | 14 14 14 63 64 59 60 68 79 64 65 25 25 26 26 22 23 23 15 35 33 40 41 42 41 41 Greatest Support 82 | 40 40 16 26 26 26 26 82 82 48 48 30 30 30 25 26 39 33 15 33 33 41 50 41 41 41 Greatest Overweight (x) 6 | . . . 2 5 2 2 6 5 1 1 . . . 1 . . 1 . 1 . . 1 1 . 2 Average Overweight (x) . | . . . 1 2 2 2 4 . 1 . . . . . . . . . . . . . . . . Largest Inventory Capacity 20 | 8 8 8 20 20 20 20 20 20 20 20 15 10 10 10 10 10 10 10 10 10 10 10 10 10 10 Average Capacity 15 | 7 8 8 19 20 20 20 20 20 20 19 10 10 10 10 10 10 10 10 9 10 10 10 10 10 10 Most Carried 20 | 5 6 8 8 16 18 17 20 20 20 20 14 10 10 10 10 10 10 10 10 10 10 10 10 10 10 Average Carried 13 | 3 5 6 6 12 17 15 18 19 19 19 10 10 9 9 9 9 9 10 6 10 8 9 9 10 9 Final Capacity 20 | 8 8 8 20 20 20 20 20 20 20 15 10 10 10 10 10 10 10 10 10 10 10 10 10 10 10 Final Carried 20 | 4 6 7 7 16 16 16 20 20 20 15 10 10 10 10 10 10 10 10 10 10 9 10 10 10 10 Class Distribution -------------------- 37% | Mutant 28% | Scavenger-Mutant 26% | Hacker-Sprinter 6% | Commander-Mutant Dominant Class ---------------- Mutant | -10/Materials Mutant | -10/Mines Mutant | -9/Materials Scavenger-Mutant | -9/Mines Scavenger-Mutant | -9/Exiles Scavenger-Mutant | -8/Mines Scavenger-Mutant | -8/Materials Commander-Mutant | -8/Storage Mutant | -8/Recycling Mutant | -8/Scraptown Hacker-Sprinter | -6/Factory Hacker-Sprinter | -6/Waste Hacker-Sprinter | -6/Factory Hacker-Sprinter | -5/Factory Hacker-Sprinter | -5/Waste Hacker-Sprinter | -5/Factory Hacker-Sprinter | -5/Upper Caves Hacker-Sprinter | -5/Upper Caves Hacker-Sprinter | -5/Zhirov Hacker-Sprinter | -4/Proximity Caves Hacker-Sprinter | -4/Factory Hacker-Sprinter | -4/Extension Hacker-Sprinter | -4/Cetus Hacker-Sprinter | -4/Archives Hacker-Sprinter | -4/Hub_04(d) Resources | -11 -10 -10 -9 -9 -9 -8 -8 -8 -8 -8 -6 -6 -6 -5 -5 -5 -5 -5 -5 -4 -4 -4 -4 -4 -4 ----------- Run | Yrd Mat Min Mat Min Exi Min Mat Sto Rec Scr Fac Was Fac Fac Was Fac Upp Upp Zhi Pro Fac Ext Cet Arc Hub Matter Collected 3415 | 279 37 80 122 87 . 113 527 587 206 120 89 . 106 37 80 . 95 . 220 . 11 463 126 30 . Remotely . | . . . . . . . . . . . . . . . . . . . . . . . . . . Salvage Created 5272 | 50 259 200 482 457 . 306 751 696 377 . 89 . 77 67 . 18 . . 318 . 57 627 11 319 111 Parts 287 | 5 22 13 25 27 . 23 39 35 21 . 1 . 3 2 . . . . 21 . . 20 4 23 3 Haulers Intercepted 8 | . . . . . . . 2 2 . . 1 . . . . . . . . . . 3 . . . Recyclers Shooed 4 | . 1 1 . . . . 1 1 . . . . . . . . . . . . . . . . . Parts Field Recycled . | . . . . . . . . . . . . . . . . . . . . . . . . . . Retrieved Matter . | . . . . . . . . . . . . . . . . . . . . . . . . . . Parts Self-Destructed 38 | . . . . . . . . . . . . . . . . . 22 . 16 . . . . . . Prevented . | . . . . . . . . . . . . . . . . . . . . . . . . . . Parts Restored . | . . . . . . . . . . . . . . . . . . . . . . . . . . Kills | -11 -10 -10 -9 -9 -9 -8 -8 -8 -8 -8 -6 -6 -6 -5 -5 -5 -5 -5 -5 -4 -4 -4 -4 -4 -4 ------- Run | Yrd Mat Min Mat Min Exi Min Mat Sto Rec Scr Fac Was Fac Fac Was Fac Upp Upp Zhi Pro Fac Ext Cet Arc Hub Combat Hostiles Destroyed 95 | . 8 8 9 13 . 7 22 16 2 . . . 1 1 . . . . . . . 8 . . . Melee 5 | . . . . . . . . 3 . . . . 1 . . . . . . . . 1 . . . Guns 74 | . 8 8 9 13 . 6 22 6 2 . . . . . . . . . . . . . . . . Cannons 1 | . . . . . . . . . . . . . . . . . . . . . . 1 . . . AOE 11 | . . . . . . . . 6 . . . . . . . . . . . . . 5 . . . Classes Destroyed 18 | 1 4 . 3 2 . 1 2 2 . . . . . 1 . . . . . . . 1 1 . . Worker 9 | . . . . 2 . . 2 3 . . . . . 1 . . . . . . . . . . 1 Tunneler 5 | 2 1 . . . . 1 . . . . . . . 1 . . . . . . . . . . . Hauler 8 | . . . . . . . 2 2 . . 1 . . . . . . . . . . 3 . . . Recycler 7 | . . . . 1 . 1 . 1 3 . . . . . . . . . . . . 1 . . . Mechanic 1 | . 1 . . . . . . . . . . . . . . . . . . . . . . . . Operator 13 | . . . . . . . 1 . . . . . 1 . . 1 . . . . 1 . . 9 . Watcher 5 | . 1 . . . . . 1 . . . . . . . . . . . . . 1 . . . 2 Swarmer 39 | . 6 6 . 10 . 3 9 . . . . . . . . . . . . . . 5 . . . Cutter 1 | . . . . . . . . . . . . . . 1 . . . . . . . . . . . Grunt 27 | . 2 2 3 2 . 2 8 8 . . . . . . . . . . . . . . . . . Brawler 2 | . . . 1 . . 1 . . . . . . . . . . . . . . . . . . . Duelist 3 | . . . 1 1 . . . 1 . . . . . . . . . . . . . . . . . Protector 1 | . . . . . . . . 1 . . . . . . . . . . . . . . . . . Sentry 17 | . . . 4 . . . 4 6 2 . . . 1 . . . . . . . . . . . . Demolisher 1 | . . . . . . . . 1 . . . . . . . . . . . . . . . . . Hunter 2 | . . . . . . 1 1 . . . . . . . . . . . . . . . . . . Programmer 3 | . . . . . . . . . . . . . . . . . . . . . . 3 . . . Botcube 1 | . . . . . . . . . . . . . . . . . . . . . . . 1 . . Best Kill Streak 10 | 2 4 3 6 6 . 3 10 10 1 . 1 . 1 3 . 1 . . . . 2 5 . 6 3 Combat Bots Only 7 | . 3 3 6 4 . 3 6 7 1 . . . 1 1 . . . . . . . 5 . . . Max Kills in Single Turn 5 | 1 1 1 1 2 . 1 2 3 1 . 1 . 1 1 . 1 . . . . 1 5 1 1 2 Gunslinging 1 | . . . . 1 . . 1 . . . . . . . . . . . . . . . . . . Exploded 5 | . . . . . . . . 3 . . . . . . . . . . . . . 5 . . . Melee 1 | . . . . . . . . 1 . . . . 1 . . . . . . . . 1 . . . Uniques/NPCs Destroyed . | . . . . . . . . . . . . . . . . . . . . . . . . . . Combat | -11 -10 -10 -9 -9 -9 -8 -8 -8 -8 -8 -6 -6 -6 -5 -5 -5 -5 -5 -5 -4 -4 -4 -4 -4 -4 -------- Run | Yrd Mat Min Mat Min Exi Min Mat Sto Rec Scr Fac Was Fac Fac Was Fac Upp Upp Zhi Pro Fac Ext Cet Arc Hub Hostile Shots Fired 726 | . 43 45 46 77 . 25 103 119 5 . . . 64 13 . 16 43 6 . 2 2 33 1 . 83 Missed 231 | . 10 6 6 18 . 7 28 34 2 . . . 33 9 . 11 16 4 . 2 1 19 1 . 24 Hits 495 | . 33 39 40 59 . 18 75 85 3 . . . 31 4 . 5 27 2 . . 1 14 . . 59 Melee 17 | . . . 3 3 . 1 . 9 . . . . . 1 . . . . . . . . . . . Projectile 478 | . 33 39 37 56 . 17 75 76 3 . . . 31 3 . 5 27 2 . . 1 14 . . 59 AOE 12 | . . . . . . . . 11 . . . . . 1 . . . . . . . . . . . Critical Strikes 14 | . . . 2 . . . 1 3 . . . . . . . 1 1 . . . . 1 . . 5 Actively Blocked 1 | . . . . . . . . . . . . . . . . . . . . . . . . . 1 Part Disruptions 1 | . . . . . . . . . . . . . . . . . . . . . . 1 . . . Damage Taken 8201 | 24 300 359 608 609 . 281 890 1818 97 . . . 282 74 . 97 439 47 . . 25 403 52 30 1766 Core 2182 | . 33 54 121 75 . 87 130 267 17 . . . 40 . . 41 103 29 . . . 45 . 30 1110 Absorbed by Shields 12 | . . . . . . . . . . . . . . . . . . . . . . 12 . . . Redirected to Shielding 56 | . . . . . . . . . . . . . . . . . . . . . . . . . 56 Ignored by Resistances 118 | . . . . . . . 76 42 . . . . . . . . . . . . . . . . . Regen/Repaired (Parts) 41 | . . . . . . . . 8 . 33 . . . . . . . . . . . . . . . Core Remaining (%) 65 | 100 . 65 . . . 29 . . . 24 . . 95 . . . . . . 82 . . . . . Volleys Fired 353 | 9 38 27 29 40 . 20 71 43 7 . . . 6 5 . 1 8 . 6 2 5 34 1 . 1 Largest 2 | 2 2 2 2 2 . 2 2 2 2 . . . 1 1 . 1 1 . 1 1 1 1 1 . 1 Hottest 240 | 60 60 60 76 121 . 121 51 51 90 . . . 85 85 . 85 85 . 85 85 85 85 240 . 35 Shots Fired 592 | 18 76 54 58 64 . 38 142 59 14 . . . 6 5 . 1 8 . 6 2 5 34 1 . 1 Gun 515 | 18 76 54 58 64 . 38 142 49 14 . . . . . . . . . . . . . 1 . 1 Cannon 42 | . . . . . . . . . . . . . 6 5 . 1 8 . 4 2 5 11 . . . Launcher 11 | . . . . . . . . 10 . . . . . . . . . . . . . 1 . . . Special 24 | . . . . . . . . . . . . . . . . . . . 2 . . 22 . . . Kinetic 326 | 9 38 40 29 7 . 11 142 49 . . . . . . . . . . . . . . . . 1 Thermal 147 | . . . 29 48 . 27 . . . . . . 6 5 . 1 8 . 4 2 5 11 1 . . Explosive 11 | . . . . . . . . 10 . . . . . . . . . . . . . 1 . . . Electromagnetic 84 | 9 38 14 . 9 . . . . 14 . . . . . . . . . . . . . . . . Robot Hit Streak 23 | 5 23 7 15 11 . 7 15 8 9 . . . . . . . 5 . 6 . . 8 . . . Robot Miss Streak 12 | 1 7 4 3 6 . 6 12 6 1 . . . . . . . 1 . . . . 3 . . . Penetration Max . | . . . . . . . . . . . . . . . . . . . . . . . . . . Secondary Targets 14 | . 2 3 3 2 . . 4 . . . . . . . . . . . . . . . . . . Max Gunslinging Chain 1 | . 1 1 1 1 . . 1 . . . . . . . . . . . . . . . . . . Shots Hit Robots 475 | 14 48 31 44 43 . 23 110 60 11 2 1 . 6 3 . 2 4 . 8 . 2 40 9 14 . Core Hits 297 | 3 19 13 17 21 . 20 96 63 10 . . . 2 1 . . 1 . 3 . . 13 2 4 9 Critical Kills 6 | . . . . . . . 1 3 . . . . . . . . . . . . . 2 . . . Critical Parts Destroyed 7 | . . . . . . . . 3 . . . . 1 . . . . . . . 1 2 . . . Critical Strikes 22 | . 1 . 3 1 . 1 1 6 . . . . 1 . . . . . 1 . 1 4 . 2 . Burn 5 | . . . 3 1 . 1 . . . . . . . . . . . . . . . . . . . Meltdown 1 | . . . . . . . . . . . . . . . . . . . . . . 1 . . . Destroy 2 | . . . . . . . 1 1 . . . . . . . . . . . . . . . . . Corrupt 1 | . 1 . . . . . . . . . . . . . . . . . . . . . . . . Smash 11 | . . . . . . . . 5 . . . . 1 . . . . . 1 . 1 3 . . . Impale 2 | . . . . . . . . . . . . . . . . . . . . . . . . 2 . Melee Attacks 175 | . . . . . . . 2 22 . 2 13 2 23 11 . 22 2 . 8 . 11 25 13 15 4 Impact 138 | . . . . . . . 2 22 . . 13 2 23 11 . 22 2 . 8 . 11 22 . . . Slashing . | . . . . . . . . . . . . . . . . . . . . . . . . . . Piercing 35 | . . . . . . . . . . . . . . . . . . . . . . 3 13 15 4 Sneak Attacks 28 | . . . . . . . . 1 . 2 1 . . 3 . . . . . . . 4 8 9 . Combat Hostiles 1 | . . . . . . . . . . . . . . . . . . . . . . 1 . . . Follow-up Attacks 1 | . . . . . . . . . . . . . 1 . . . . . . . . . . . . Damage Inflicted 13179 | 204 549 279 598 689 . 382 1745 2657 242 . 96 . 300 320 . 122 136 . 416 . 85 1470 678 1326 885 Guns 5156 | 136 511 275 598 689 . 355 1745 683 164 . . . . . . . . . . . . . . . . Cannons 521 | . . . . . . . . . . . . . 32 . . . 136 . 133 . . 220 . . . Explosions 2592 | 68 38 . . . . . . 1219 78 . . . . . . . . . . . . 318 . . 871 Melee 4864 | . . . . . . . . 755 . . 96 . 267 320 . 122 . . 283 . 85 932 678 1326 . Ramming 46 | . . 4 . . . 27 . . . . . . 1 . . . . . . . . . . . 14 Kinetic 3162 | 71 189 193 157 35 . 89 1745 683 . . . . . . . . . . . . . . . . . Thermal 1981 | 68 38 . 441 569 . 266 . . 78 . . . 32 . . . 136 . 133 . . 220 . . . Explosive 1537 | . . . . . . . . 1219 . . . . . . . . . . . . . 318 . . . Electromagnetic 1589 | 65 322 82 . 85 . . . . 164 . . . . . . . . . . . . . . . 871 Impact 2860 | . . . . . . . . 755 . . 96 . 267 320 . 122 . . 283 . 85 932 . . . Slashing . | . . . . . . . . . . . . . . . . . . . . . . . . . . Piercing 2004 | . . . . . . . . . . . . . . . . . . . . . . . 678 1326 . Highest Corruption 11 | . . . 2 2 2 4 . . . . . . . . . . . . . . . 1 1 1 11 Average Corruption 1 | . . . 2 2 2 2 . . . . . . . . . . . . . . . 1 1 1 2 Corruption Purged 1 | . . . . . . . . . . . . . . . . . . . . . . . . 1 . Corruption Blocked . | . . . . . . . . . . . . . . . . . . . . . . . . . . Effects 43 | . . . 4 10 2 11 . . . . . . . . . . . . . . . 5 8 1 2 Message Errors 12 | . . . 1 2 1 2 . . . . . . . . . . . . . . . 2 4 . . Matter Fused 9 | . . . 1 2 . 2 . . . . . . . . . . . . . . . 1 2 . 1 Heat Flow Errors 3 | . . . 1 1 . 1 . . . . . . . . . . . . . . . . . . . Energy Discharges 4 | . . . . 2 1 1 . . . . . . . . . . . . . . . . . . . Data Loss (minor) 7 | . . . 1 3 . 1 . . . . . . . . . . . . . . . . 1 1 . Data Loss (major) 4 | . . . . . . 2 . . . . . . . . . . . . . . . 2 . . . Misfires 2 | . . . . . . 2 . . . . . . . . . . . . . . . . . . . Alerts 1 | . . . . . . . . . . . . . . . . . . . . . . . 1 . . Misdirections 1 | . . . . . . . . . . . . . . . . . . . . . . . . . 1 Overload Shots 1 | . . . . . . . . . . . . . . . . . . . . . . . 1 . . Overflow Damage 1855 | . . . . . . . . 226 . . 72 . 48 155 . 77 . . 19 . 55 346 36 761 60 Projectiles 41 | . . . . . . . . . . . . . . . . . . . 19 . . 22 . . . Explosions 60 | . . . . . . . . . . . . . . . . . . . . . . . . . 60 Melee 1754 | . . . . . . . . 226 . . 72 . 48 155 . 77 . . . . 55 324 36 761 . Knockbacks 6 | . . . . . . . . . . . . . 1 . . 1 . . . . . 4 . . . Impact 6 | . . . . . . . . . . . . . 1 . . 1 . . . . . 4 . . . Kinetic . | . . . . . . . . . . . . . . . . . . . . . . . . . . Secondary . | . . . . . . . . . . . . . . . . . . . . . . . . . . Self-Inflicted Damage 263 | 24 19 2 . . . 13 . 44 58 . . . . . . . . . . . . . . . 103 Shots 7 | 1 1 . . . . . . 2 2 . . . . . . . . . . . . . . . 1 Rammed 7 | . . 1 . . . 2 . . . . . . 1 . . . . . . . . . . . 3 Targets Rammed 7 | . . 1 . . . 2 . . . . . . 1 . . . . . . . . . . . 3 Kicked . | . . . . . . . . . . . . . . . . . . . . . . . . . . Crushed . | . . . . . . . . . . . . . . . . . . . . . . . . . . Highest Temperature 297 | 40 64 90 270 297 . 261 13 7 . . 71 148 190 96 . 203 130 . 3 8 . 210 156 . 72 Average Temperature 67 | 24 28 31 92 113 . 126 13 7 . . 25 60 48 41 . 109 55 . 2 5 . 74 97 . 39 Received Heat Transfer 1564 | . 30 108 198 81 . 99 351 495 9 . . . 84 . . . 9 18 . . 9 13 . . 60 Effects 1 | . . . 1 . . . . . . . . . . . . . . . . . . . . . . Energy Bleed 1 | . . . 1 . . . . . . . . . . . . . . . . . . . . . . Siege Activations . | . . . . . . . . . . . . . . . . . . . . . . . . . . Martial Activations . | . . . . . . . . . . . . . . . . . . . . . . . . . . Shielding Activations . | . . . . . . . . . . . . . . . . . . . . . . . . . . Robots Disrupted . | . . . . . . . . . . . . . . . . . . . . . . . . . . Combat Hostiles . | . . . . . . . . . . . . . . . . . . . . . . . . . . Robots Corrupted 10 | . . . . . . . . 2 . . 1 . 1 1 . 1 . . . . 1 2 . . 1 Combat Hostiles 1 | . . . . . . . . 1 . . . . . . . . . . . . . . . . . Parts Fried 15 | . . . . . . . . 1 . . . . 5 2 . 1 . . . . . 5 . . 1 Impact Corruptions 31 | . . . . . . . . 6 . . 2 . 2 5 . 3 . . 1 . 2 10 . . . Robots Melted 2 | . . . . . . 1 . . . . . . . . . . . . . . . 1 . . . Combat Hostiles 2 | . . . . . . 1 . . . . . . . . . . . . . . . 1 . . . Parts Melted 9 | . . . 2 2 . . . . . . . . . . . . . . . . . 5 . . . Heat Transferred 3937 | 50 50 . 1184 1332 . 666 . . 100 . . . 37 . . . 148 . 148 . . 222 . . . Parts Sabotaged . | . . . . . . . . . . . . . . . . . . . . . . . . . . Parts Stolen . | . . . . . . . . . . . . . . . . . . . . . . . . . . Parts Stripped . | . . . . . . . . . . . . . . . . . . . . . . . . . . Power Chain Reactions 4 | 1 1 . . . . . . . 2 . . . . . . . . . . . . . . . . Alert | -11 -10 -10 -9 -9 -9 -8 -8 -8 -8 -8 -6 -6 -6 -5 -5 -5 -5 -5 -5 -4 -4 -4 -4 -4 -4 ------- Run | Yrd Mat Min Mat Min Exi Min Mat Sto Rec Scr Fac Was Fac Fac Was Fac Upp Upp Zhi Pro Fac Ext Cet Arc Hub Maximum Alert Level 3 | . . . . . . . 1 3 1 . . . . . . . . . . . . 2 1 . 2 Low Security (%) 75 | 100 100 100 100 100 . 100 90 17 23 . 100 100 100 100 100 100 . . . . 100 77 67 100 73 Level 1 16 | . . . . . . . 9 35 76 . . . . . . . . . . . . 16 32 . . Level 2 1 | . . . . . . . . 7 . . . . . . . . . . . . . 5 . . 26 Level 3 5 | . . . . . . . . 39 . . . . . . . . . . . . . . . . . Level 4 . | . . . . . . . . . . . . . . . . . . . . . . . . . . Level 5 . | . . . . . . . . . . . . . . . . . . . . . . . . . . High Security . | . . . . . . . . . . . . . . . . . . . . . . . . . . Max Security . | . . . . . . . . . . . . . . . . . . . . . . . . . . Peak Influence 780 | 5 80 90 120 84 . 67 235 780 330 . 23 15 30 49 1 164 . . . . 22 448 250 134 645 Initial 286 | . . . . 32 . . . 33 286 . . . . . 1 . . . . . . 2 244 20 34 Average 141 | 1 24 34 57 32 . 17 126 446 252 . 4 4 11 33 . 73 . . . . 8 117 161 95 230 Influence Increases 6508 | 10 256 190 254 344 . 195 639 1502 230 . 50 17 96 73 . 244 30 45 15 . 66 1043 277 209 723 Destroy 0b10 Robot/C 2740 | . 160 160 180 260 . 140 440 600 40 . . . 20 20 . . . . . . . 480 160 80 . Destroy 0b10 Robot/NC 285 | 10 15 . . 15 . 10 30 45 15 . 5 . 5 10 . 5 . . 15 . 10 25 10 45 15 Destroy Leader 532 | . 22 30 70 50 . 30 106 166 . . 2 . 10 . . . . . . . 2 40 . . 4 Allied During Kill 664 | . . . . . . . . 280 . . . . . . . . . . . . . 290 86 8 . Successful Hack 224 | . 24 . 4 4 . . 46 21 17 . 18 . 34 14 . 5 . . . . 15 22 . . . Select Force Hacks 250 | . . . . . . . . . 150 . . . . . . . . . . . . . . . 100 Disable Machine 375 | . . . . . . . . 60 . . 15 . 15 15 . 60 . . . . . 30 15 60 105 Anti-Garrison Action 200 | . . . . . . . . 200 . . . . . . . . . . . . . . . . . Destroy Structure 668 | . 5 . . . . . 2 55 8 . 10 2 12 14 . 24 . . . . 24 66 6 16 424 Partial Spotted 105 | . . . . . . . . . . . . 15 . . . 60 . . . . 15 . . . 15 Lose Combat Pursuer 465 | . 30 . . 15 . 15 15 75 . . . . . . . 90 30 45 . . . 90 . . 60 Influence Decreases 5891 | 10 256 190 170 428 . 195 560 846 835 130 50 17 96 70 3 90 184 30 30 . 60 613 662 161 205 Entered New Map 1044 | . . . . 52 . . . 46 449 130 . . . . 2 . 58 . 15 . . 4 192 31 65 Time Decay 3720 | 10 256 190 140 299 . 175 520 518 386 . 32 17 78 50 1 80 100 30 15 . 60 353 270 110 30 Lost Part 482 | . . . 30 77 . 20 40 120 . . . . 9 20 . 10 26 . . . . 20 . . 110 Lost Ally 627 | . . . . . . . . 162 . . . . 9 . . . . . . . . 236 200 20 . Purge Threat 18 | . . . . . . . . . . . 18 . . . . . . . . . . . . . . Squads Dispatched 44 | . 2 . 1 1 . . 2 4 . . 5 . 4 3 . 10 . 1 . . 3 2 . . 6 Investigation 26 | . 2 . . 1 . . 1 1 . . 4 . 3 2 . 6 . . . . 2 1 . . 3 Extermination 2 | . . . . . . . . . . . . . 1 . . 1 . . . . . . . . . Reinforcement 14 | . . . 1 . . . 1 2 . . 1 . . 1 . 3 . . . . 1 1 . . 3 Assault 2 | . . . . . . . . 1 . . . . . . . . . 1 . . . . . . . Garrison . | . . . . . . . . . . . . . . . . . . . . . . . . . . Intercept . | . . . . . . . . . . . . . . . . . . . . . . . . . . Searches Triggered . | . . . . . . . . . . . . . . . . . . . . . . . . . . Construction Impeded 2 | . . . . . . . . 1 . . . . . . . . . . . . . . . . 1 Haulers Reinforced . | . . . . . . . . . . . . . . . . . . . . . . . . . . Active Scanning Responses . | . . . . . . . . . . . . . . . . . . . . . . . . . . Cargo Convoy Interrupts . | . . . . . . . . . . . . . . . . . . . . . . . . . . Stealth | -11 -10 -10 -9 -9 -9 -8 -8 -8 -8 -8 -6 -6 -6 -5 -5 -5 -5 -5 -5 -4 -4 -4 -4 -4 -4 --------- Run | Yrd Mat Min Mat Min Exi Min Mat Sto Rec Scr Fac Was Fac Fac Was Fac Upp Upp Zhi Pro Fac Ext Cet Arc Hub Distress Signals 15 | . 1 . 1 . . . 3 1 . . . . . . . 1 . . . . . 6 2 . . Communications Jammed . | . . . . . . . . . . . . . . . . . . . . . . . . . . Distress Signals . | . . . . . . . . . . . . . . . . . . . . . . . . . . Times Spotted 255 | . 16 8 14 15 . 8 30 33 2 . 2 6 9 5 . 15 9 5 . 1 4 31 7 5 30 Peak Tracking Total 27 | . 5 3 5 4 . 3 5 9 1 . 2 6 6 5 . 9 9 5 . 1 2 8 4 1 27 Tactical Retreats 18 | . 1 . . 1 . 1 1 3 . . . . . . . 3 1 2 . . . 4 . . 1 Traps | -11 -10 -10 -9 -9 -9 -8 -8 -8 -8 -8 -6 -6 -6 -5 -5 -5 -5 -5 -5 -4 -4 -4 -4 -4 -4 ------- Run | Yrd Mat Min Mat Min Exi Min Mat Sto Rec Scr Fac Was Fac Fac Was Fac Upp Upp Zhi Pro Fac Ext Cet Arc Hub Traps Triggered 8 | . 1 . . . . . 1 . . . 1 . . 1 . . . . . . . 2 . . 2 Indirectly 2 | . . . . . . . . . . . . . . . . . . . . . . . . . 2 Trap Hack Attempts . | . . . . . . . . . . . . . . . . . . . . . . . . . . Triggered . | . . . . . . . . . . . . . . . . . . . . . . . . . . Disarmed . | . . . . . . . . . . . . . . . . . . . . . . . . . . Reprogrammed . | . . . . . . . . . . . . . . . . . . . . . . . . . . Reused . | . . . . . . . . . . . . . . . . . . . . . . . . . . Traps Extracted . | . . . . . . . . . . . . . . . . . . . . . . . . . . Installed . | . . . . . . . . . . . . . . . . . . . . . . . . . . Triggered . | . . . . . . . . . . . . . . . . . . . . . . . . . . Machines | -11 -10 -10 -9 -9 -9 -8 -8 -8 -8 -8 -6 -6 -6 -5 -5 -5 -5 -5 -5 -4 -4 -4 -4 -4 -4 ---------- Run | Yrd Mat Min Mat Min Exi Min Mat Sto Rec Scr Fac Was Fac Fac Was Fac Upp Upp Zhi Pro Fac Ext Cet Arc Hub Machines Disabled 28 | . . . . . . . . 4 . . 1 . 1 1 . 4 . . 2 . . 3 1 4 7 Max in Single Turn 7 | . . . . . . . . 2 . . 1 . 1 1 . 1 . . 1 . . 1 1 . 7 Garrison Access 2 | . . . . . . . . 1 . . . . . . . . . . . . . . . . 1 Network Hub 4 | . . . . . . . . . . . . . . . . . . . . . . . . . 4 Machines Repaired . | . . . . . . . . . . . . . . . . . . . . . . . . . . Machines Dismantled . | . . . . . . . . . . . . . . . . . . . . . . . . . . Machines Sabotaged 2 | . . . . . . . . . . . . . . . . . . . . . . . . . 2 Overloaded Fab Kills . | . . . . . . . . . . . . . . . . . . . . . . . . . . Hacking | -11 -10 -10 -9 -9 -9 -8 -8 -8 -8 -8 -6 -6 -6 -5 -5 -5 -5 -5 -5 -4 -4 -4 -4 -4 -4 --------- Run | Yrd Mat Min Mat Min Exi Min Mat Sto Rec Scr Fac Was Fac Fac Was Fac Upp Upp Zhi Pro Fac Ext Cet Arc Hub Machines Accessed 98 | . 5 . 2 2 1 . 6 10 10 1 9 . 10 4 . 11 . . 4 . 5 14 . . 4 Terminals 57 | . 5 . 2 1 . . 5 7 5 . 4 . 5 1 . 4 . . . . 1 14 . . 3 Fabricators 4 | . . . . . . . . . . . . . 2 1 . 1 . . . . . . . . . Repair Stations 2 | . . . . . . . . 1 . . . . . . . . . . . . 1 . . . . Recycling Units 23 | . . . . . . . . 1 5 . 4 . 3 2 . 6 . . . . 2 . . . . Scanalyzers 3 | . . . . . . . 1 . . . 1 . . . . . . . . . 1 . . . . Garrison Access 2 | . . . . . . . . 1 . . . . . . . . . . . . . . . . 1 Total Hacks 228 | . 12 . 5 2 1 . 21 25 26 5 24 . 20 6 . 16 . . 17 . 7 36 . . 5 Successful 145 | . 7 . 3 2 1 . 11 10 17 5 17 . 15 5 . 8 . . 17 . 5 18 . . 4 Failed 82 | . 5 . 2 . . . 9 15 9 . 7 . 5 1 . 8 . . . . 2 18 . . 1 Catastrophic 4 | . . . . . . . . 1 . . . . . . . 1 . . . . . 2 . . . Database Lockouts 1 | . . . . . . . 1 . . . . . . . . . . . . . . . . . . Manual 129 | . 12 . 5 . . . 17 18 14 . 10 . 19 3 . 16 . . . . 3 9 . . 3 Terminals 146 | . 12 . 5 1 . . 17 19 9 . 17 . 15 3 . 8 . . . . 1 36 . . 3 Fabricators 4 | . . . . . . . . . . . . . 2 1 . 1 . . . . . . . . . Repair Stations 3 | . . . . . . . . 2 . . . . . . . . . . . . 1 . . . . Recycling Units 40 | . . . . . . . . 3 17 . 5 . 3 2 . 7 . . . . 3 . . . . Scanalyzers 8 | . . . . . . . 4 . . . 2 . . . . . . . . . 2 . . . . Garrison Access 3 | . . . . . . . . 1 . . . . . . . . . . . . . . . . 2 Terminal Hacks 63 | . 1 . . 2 1 . 2 2 . 5 12 . 1 1 . 1 . . 17 . 1 17 . . . Record 6 | . . . . . 1 . . . . . . . . . . . . . 5 . . . . . . Part Schematic 5 | . . . . . . . . . . . 1 . . . . . . . 4 . . . . . . Robot Schematic 1 | . . . . . . . . . . . 1 . . . . . . . . . . . . . . Robot Analysis 10 | . . . . . . . . . . 5 1 . . . . . . . 4 . . . . . . Prototype ID Bank 4 | . . . . . . . . . . . . . . . . . . . 4 . . . . . . Open Door 14 | . . . . 1 . . . 1 . . . . . . . . . . . . 1 11 . . . Branch Access Points 3 | . . . . . . . 1 . . . . . 1 . . 1 . . . . . . . . . Terminal Index 5 | . 1 . . . . . 1 1 . . 1 . . . . . . . . . . 1 . . . Repair Station Index 1 | . . . . . . . . . . . 1 . . . . . . . . . . . . . . Recycling Unit Index 2 | . . . . . . . . . . . 1 . . 1 . . . . . . . . . . . Alert Level 2 | . . . . . . . . . . . 1 . . . . . . . . . . 1 . . . Unreport Threat 2 | . . . . . . . . . . . 2 . . . . . . . . . . . . . . Dispatch Records 1 | . . . . 1 . . . . . . . . . . . . . . . . . . . . . Transport Status 1 | . . . . . . . . . . . 1 . . . . . . . . . . . . . . Recall Reinforcements 1 | . . . . . . . . . . . . . . . . . . . . . . 1 . . . Hauler Manifests 1 | . . . . . . . . . . . . . . . . . . . . . . 1 . . . Registered Components 1 | . . . . . . . . . . . 1 . . . . . . . . . . . . . . Registered Prototypes 2 | . . . . . . . . . . . 1 . . . . . . . . . . 1 . . . Zone Layout 1 | . . . . . . . . . . . . . . . . . . . . . . 1 . . . Fabricator Hacks 2 | . . . . . . . . . . . . . . 1 . 1 . . . . . . . . . Network Status 2 | . . . . . . . . . . . . . . 1 . 1 . . . . . . . . . Repair Station Hacks 3 | . . . . . . . . 2 . . . . . . . . . . . . 1 . . . . Scan Component 2 | . . . . . . . . 1 . . . . . . . . . . . . 1 . . . . Repair 1 | . . . . . . . . 1 . . . . . . . . . . . . . . . . . Recycling Unit Hacks 4 | . . . . . . . . . 4 . . . . . . . . . . . . . . . . Retrieve Components 4 | . . . . . . . . . 4 . . . . . . . . . . . . . . . . Scanalyzer 3 | . . . . . . . 2 . . . . . . . . . . . . . 1 . . . . Retrieve Study 3 | . . . . . . . 2 . . . . . . . . . . . . . 1 . . . . Garrison Access Hacks 1 | . . . . . . . . . . . . . . . . . . . . . . . . . 1 Seal Access 1 | . . . . . . . . . . . . . . . . . . . . . . . . . 1 Unauthorized Hacks 69 | . 6 . 3 . . . 7 6 13 . 5 . 14 3 . 6 . . . . 2 1 . . 3 Terminals 44 | . 6 . 3 . . . 7 5 8 . 1 . 9 1 . . . . . . . 1 . . 3 Assimilate 3 | . . . . . . . . . . . . . 2 . . . . . . . . 1 . . . Botnet 8 | . . . 1 . . . 1 . 3 . 1 . 2 . . . . . . . . . . . . Operators 3 | . 1 . 1 . . . 1 . . . . . . . . . . . . . . . . . . Skim 27 | . 5 . 1 . . . 5 5 5 . . . 5 1 . . . . . . . . . . . Sabotage 3 | . . . . . . . . . . . . . . . . . . . . . . . . . 3 Fabricators 2 | . . . . . . . . . . . . . 2 . . . . . . . . . . . . Liberate 1 | . . . . . . . . . . . . . 1 . . . . . . . . . . . . Haulers 1 | . . . . . . . . . . . . . 1 . . . . . . . . . . . . Repair Stations . | . . . . . . . . . . . . . . . . . . . . . . . . . . Recycling Units 22 | . . . . . . . . . 5 . 4 . 3 2 . 6 . . . . 2 . . . . Tunnel 5 | . . . . . . . . . 5 . . . . . . . . . . . . . . . . Fedlink 17 | . . . . . . . . . . . 4 . 3 2 . 6 . . . . 2 . . . . Scanalyzers . | . . . . . . . . . . . . . . . . . . . . . . . . . . Garrison Access 1 | . . . . . . . . 1 . . . . . . . . . . . . . . . . . Jam 1 | . . . . . . . . 1 . . . . . . . . . . . . . . . . . Data Cores Recovered 3 | . . . . . . . . 1 . . . . 1 . . . . . . . 1 . . . . Used 1 | . . . . . . . . . . . . . 1 . . . . . . . . . . . . Hacking Detections 48 | . 3 . 2 . . . 4 9 6 . 5 . 6 1 . 4 . . . . 1 6 . . 1 Full Trace Events 1 | . . . . . . . . . . . . . . . . . . . . . . 1 . . . Feedback Events . | . . . . . . . . . . . . . . . . . . . . . . . . . . Feedback Blocked . | . . . . . . . . . . . . . . . . . . . . . . . . . . Robot Schematics Acquired 1 | . . . . . . . . . . . 1 . . . . . . . . . . . . . . Robots Built . | . . . . . . . . . . . . . . . . . . . . . . . . . . Authchips . | . . . . . . . . . . . . . . . . . . . . . . . . . . Time . | . . . . . . . . . . . . . . . . . . . . . . . . . . Total Robot Build Rating . | . . . . . . . . . . . . . . . . . . . . . . . . . . Part Schematics Acquired 5 | . . . . . . . . . . . 1 . . . . . . . 4 . . . . . . Parts Built . | . . . . . . . . . . . . . . . . . . . . . . . . . . Authchips . | . . . . . . . . . . . . . . . . . . . . . . . . . . Time . | . . . . . . . . . . . . . . . . . . . . . . . . . . Total Part Build Rating . | . . . . . . . . . . . . . . . . . . . . . . . . . . Part Studies Acquired 3 | . . . . . . . 2 . . . . . . . . . . . . . 1 . . . . Parts Repaired 1 | . . . . . . . . 1 . . . . . . . . . . . . . . . . . Time 38 | . . . . . . . . 38 . . . . . . . . . . . . . . . . . Parts Recycled . | . . . . . . . . . . . . . . . . . . . . . . . . . . Recycled Matter . | . . . . . . . . . . . . . . . . . . . . . . . . . . Retrieved Matter . | . . . . . . . . . . . . . . . . . . . . . . . . . . Retrieved Components 15 | . . . . . . . . . 15 . . . . . . . . . . . . . . . . Parts Scanalyzed . | . . . . . . . . . . . . . . . . . . . . . . . . . . Part Schematics Acquired . | . . . . . . . . . . . . . . . . . . . . . . . . . . Parts Damaged . | . . . . . . . . . . . . . . . . . . . . . . . . . . Bothacking | -11 -10 -10 -9 -9 -9 -8 -8 -8 -8 -8 -6 -6 -6 -5 -5 -5 -5 -5 -5 -4 -4 -4 -4 -4 -4 ------------ Run | Yrd Mat Min Mat Min Exi Min Mat Sto Rec Scr Fac Was Fac Fac Was Fac Upp Upp Zhi Pro Fac Ext Cet Arc Hub Used RIF Installer . | . . . . . . . . . . . . . . . . . . . . . . . . . . Robots Hacked 3 | . . . . . . . . . . 2 . . . . . . . . . . . 1 . . . Non-combat . | . . . . . . . . . . . . . . . . . . . . . . . . . . Combat 3 | . . . . . . . . . . 2 . . . . . . . . . . . 1 . . . Robot Hacks Applied 3 | . . . . . . . . . . 2 . . . . . . . . . . . 1 . . . parse_system 3 | . . . . . . . . . . 2 . . . . . . . . . . . 1 . . . Relay Couplers Released 1 | . . . . . . . . . . . . . . . . . . . . . . . . . 1 Machine Destruction 1 | . . . . . . . . . . . . . . . . . . . . . . . . . 1 Fabnet Peak Effective % . | . . . . . . . . . . . . . . . . . . . . . . . . . . Robots Rewired 15 | . . . . . . . . . . . . . . . . . . . . . . 15 . . . Allies Hacked 1 | . . . . . . . . . . . . . . . . . . . . . . 1 . . . Hacks Repelled 1 | . . . . . . . . . . . . . . . . . . . . . . 1 . . . Allies | -11 -10 -10 -9 -9 -9 -8 -8 -8 -8 -8 -6 -6 -6 -5 -5 -5 -5 -5 -5 -4 -4 -4 -4 -4 -4 -------- Run | Yrd Mat Min Mat Min Exi Min Mat Sto Rec Scr Fac Was Fac Fac Was Fac Upp Upp Zhi Pro Fac Ext Cet Arc Hub Total Allies 48 | . . . . 2 . . . 10 . . . . 1 . . . . . . . . 33 2 . . Largest Group 16 | . . . . 2 2 . . 10 . . . . 1 . . . . . . . . 16 11 1 1 Highest-Rated Group 702 | . . . . 49 49 . . 173 . . . . 10 . . . . . . . . 702 484 108 103 Highest-Rated Ally 159 | . . . . 31 31 . . 29 . . . . 10 . . . . . . . . 159 108 108 103 Initial UFD Resources 94 | . . . . . . . . . . . 24 42 42 50 64 64 76 76 76 80 80 94 94 94 94 Total Orders . | . . . . . . . . . . . . . . . . . . . . . . . . . . Ally Attacks 329 | . . . . . . . . 125 . . . . . . . . . . . . . 132 43 21 8 Total Damage 6939 | . . . . . . . . 1438 . . . . . . . . . . . . . 3500 1048 774 179 Kills 49 | . . . . . . . . 17 . . . . . . . . . . . . . 18 10 4 . Allies Corrupted 1 | . . . . . . . . . . . . . . . . . . . . . . 1 . . . Allies Melted . | . . . . . . . . . . . . . . . . . . . . . . . . . . Intel | -11 -10 -10 -9 -9 -9 -8 -8 -8 -8 -8 -6 -6 -6 -5 -5 -5 -5 -5 -5 -4 -4 -4 -4 -4 -4 ------- Run | Yrd Mat Min Mat Min Exi Min Mat Sto Rec Scr Fac Was Fac Fac Was Fac Upp Upp Zhi Pro Fac Ext Cet Arc Hub Active Infowar (turns) 5713 | 20 956 465 32 . . . 172 . . 744 140 65 191 104 108 161 210 71 182 57 137 1012 583 234 69 Optics 2812 | . . . . . . . . . . . . . . . 96 161 210 71 182 57 137 1012 583 234 69 IFF 1223 | . . . . . . . . . . . . . . . . . . . 18 57 137 979 . . 32 Terrain 1 | . . . . . . . . . . . . . . . . . . . . . . 1 . . . Seismic 1645 | 20 956 465 32 . . . 172 . . . . . . . . . . . . . . . . . . Machine Analysis 4063 | . . . . . . . . . . 744 140 65 191 104 108 161 210 71 182 57 137 1012 583 234 64 Cloaking 1978 | . . . . . . . . . . . . . . . . . . . . . 110 995 583 234 56 Robot Analysis Total 10 | . . . . . . . . . . 5 1 . . . . . . . 4 . . . . . . Derelict Logs Recovered 5 | . . 3 . 1 . . . . . . . . . . . . . . . 1 . . . . . Drone Launches . | . . . . . . . . . . . . . . . . . . . . . . . . . . Drone Recoveries . | . . . . . . . . . . . . . . . . . . . . . . . . . . Exploration | -11 -10 -10 -9 -9 -9 -8 -8 -8 -8 -8 -6 -6 -6 -5 -5 -5 -5 -5 -5 -4 -4 -4 -4 -4 -4 ------------- Run | Yrd Mat Min Mat Min Exi Min Mat Sto Rec Scr Fac Was Fac Fac Was Fac Upp Upp Zhi Pro Fac Ext Cet Arc Hub Turns Passed 12542 | 110 956 465 355 863 264 699 1499 1426 919 1662 140 65 191 104 108 161 210 71 182 57 137 1012 583 234 69 Spaces Moved 11545 | 52 365 372 195 571 218 525 413 636 450 1488 424 249 448 192 427 444 414 234 312 233 425 1016 1053 219 170 Core 13 | 13 . . . . . . . . . . . . . . . . . . . . . . . . . Treads 998 | 39 328 . . 6 . . 14 611 . . . . . . . . . . . . . . . . . Legs 1238 | . . . . . . . . 22 450 766 . . . . . . . . . . . . . . . Wheels 2311 | . 37 372 195 565 218 525 399 . . . . . . . . . . . . . . . . . . Hover 7 | . . . . . . . . . . . . . . . . . 7 . . . . . . . . Flight 6978 | . . . . . . . . 3 . 722 424 249 448 192 427 444 407 234 312 233 425 1016 1053 219 170 Fastest Speed 11 | 50 100 100 90 120 120 120 120 155 180 26 20 20 20 23 20 18 24 29 20 20 20 11 20 20 17 Average Speed 72 | 132 153 100 118 122 120 120 158 171 180 107 20 20 20 23 22 20 28 29 23 20 20 19 22 20 23 Slowest Speed 540 | 160 160 100 120 320 120 120 170 540 180 180 20 20 23 97 26 24 120 29 91 20 20 96 99 20 172 Overloaded Moves 106 | . . . . . . . . . . . . . . . . . . . . . . 52 . . 54 Propulsion Burnouts . | . . . . . . . . . . . . . . . . . . . . . . . . . . Robots Hopped 11 | . . . . . . . . . . . 1 . 1 . 3 3 . . . . 2 1 . . . Potential Cave-ins 2 | . . . . . . . . . . . . . . . . . . . . . 2 . . . . Cave-ins Triggered . | . . . . . . . . . . . . . . . . . . . . . . . . . . Exploration Rate (%) 55 | 4 54 83 19 98 57 93 32 78 67 82 14 81 14 8 95 22 67 45 61 55 14 86 73 94 36 Regions Visited 25 Branch Regions 15 Pre-discovered Areas 15 | . 2 . . . 1 . 1 . 6 . 1 . 1 . . . . . 3 . . . . . . Known Exits Taken 8 | . 1 1 1 . . . 1 1 . . . . 1 . . 1 . . . . 1 . . . . Unknown Exits Taken 13 | 1 . . . 1 1 1 . . 1 1 . . . . . . 1 1 1 1 . 1 1 1 . Scrap Searched 12 | . . . . 3 . 1 . . . 4 . . . . . . 1 1 . 2 . . . . . Spaces Dug 73 | . . . . . . . 2 2 . . 10 2 15 7 . 12 3 . . 2 12 3 . . 3 Terrain Destroyed 491 | 6 5 . . . . . 2 66 8 . 10 2 15 9 . 12 6 . . 2 14 30 . . 304 Melee 56 | . . . . . . . 2 2 . . 10 2 10 4 . 11 2 . . . 9 1 . . 3 Projectile 27 | . . . . . . . . . . . . . 5 5 . 1 4 . . 2 5 5 . . . AOE 408 | 6 5 . . . . . . 64 8 . . . . . . . . . . . . 24 . . 301 Terrain Rammed . | . . . . . . . . . . . . . . . . . . . . . . . . . . Walls Destroyed . | . . . . . . . . . . . . . . . . . . . . . . . . . . Machines Disabled . | . . . . . . . . . . . . . . . . . . . . . . . . . . Actions | -11 -10 -10 -9 -9 -9 -8 -8 -8 -8 -8 -6 -6 -6 -5 -5 -5 -5 -5 -5 -4 -4 -4 -4 -4 -4 --------- Run | Yrd Mat Min Mat Min Exi Min Mat Sto Rec Scr Fac Was Fac Fac Was Fac Upp Upp Zhi Pro Fac Ext Cet Arc Hub Total 14862 | 77 689 419 266 671 221 557 1119 876 547 1559 451 259 499 223 434 467 494 236 405 239 446 1751 1394 375 188 Wait 2185 | . 280 15 21 33 . 2 594 89 78 13 . 9 8 5 . . 53 . 6 3 . 612 227 137 . Move 11501 | 51 364 371 194 570 217 524 412 635 449 1487 422 248 446 192 420 437 413 233 311 232 420 1013 1052 218 170 Hop 11 | . . . . . . . . . . . 1 . 1 . 3 3 . . . . 2 1 . . . Pick Up 187 | 10 3 3 8 18 . 4 15 22 4 12 2 . 3 . 4 . . . 29 . 1 5 44 . . Fast Attach 56 | 1 . . 1 . . . 4 9 2 7 1 . 2 3 2 2 4 1 8 . 1 4 2 2 . Attach 90 | 6 . 2 4 8 2 3 4 16 . 8 4 . 1 2 2 1 3 . 12 . 2 3 5 . 2 Detach 29 | . . . . . 2 . . 6 . 1 . . 1 2 . 1 5 1 5 . . 1 1 . 3 Swap 73 | . 3 . 5 1 . 1 6 12 1 4 4 . 5 1 . . 1 . 1 2 2 17 3 1 3 Drop 167 | . 1 . 4 1 . 1 11 22 6 25 4 . 5 2 3 1 4 1 19 . 2 6 46 2 1 Fire 353 | 9 38 27 29 40 . 20 71 43 7 . . . 6 5 . 1 8 . 6 2 5 34 1 . 1 Melee 172 | . . . . . . . 2 22 . 2 13 2 21 11 . 21 2 . 8 . 11 25 13 15 4 Ram 7 | . . 1 . . . 2 . . . . . . . . . . . . . . . . . . 4 Kick . | . . . . . . . . . . . . . . . . . . . . . . . . . . Crush . | . . . . . . . . . . . . . . . . . . . . . . . . . . Escape Stasis 30 | . . . . . . . . . . . . . . . . . . . . . . 30 . . . Rewire . | . . . . . . . . . . . . . . . . . . . . . . . . . . Trap . | . . . . . . . . . . . . . . . . . . . . . . . . . . Miscellaneous 1 | . . . . . . . . . . . . . . . . . 1 . . . . . . . . Route ------- -11/Scrapyard -10/Materials (discovered 6 exits: *Mat x3 / *Min x2 / Sub) -10/Mines (discovered 2 exits: *Mat x2) -9/Materials (discovered 2 exits: *Min x2) -9/Mines (discovered 3 exits: *Mat x2 / *Exi) -9/Exiles -8/Mines -8/Materials (discovered 4 exits: Fac x3 / *Sto) -8/Storage (discovered 2 exits: Fac / *Rec) -8/Recycling (discovered 2 exits: *Fac / *Scr) -8/Scraptown (discovered 2 exits: *Fac x2) -6/Factory (discovered 3 exits: Fac x2 / Low) -6/Waste -6/Factory (discovered 3 exits: *Fac / Low x2) -5/Factory -5/Waste -5/Factory (discovered 2 exits: *Upp x2) -5/Upper Caves -5/Upper Caves -5/Zhirov -4/Proximity Caves -4/Factory (discovered 2 exits: *Ext x2) -4/Extension (discovered 2 exits: [*Res] / [*Cet]) -4/Cetus (discovered 2 exits: [*Res] / [*Arc]) -4/Archives (discovered 3 exits: [*Res] / *Hub x2) -4/Hub_04(d) (discovered 2 exits: [*Res x2]) History --------- Turn | Location | Event 5 | -11/Scrapyard | Discovered new exit (range 15) 111 | -11/Scrapyard | Entered Materials 302 | -10/Materials | Build established: Mutant 313 | -10/Materials | Discovered new exit (range 11) 456 | -10/Materials | Discovered new exit (range 12) 818 | -10/Materials | Discovered new exit (range 9) 878 | -10/Materials | Learned location of Mines (-10) 917 | -10/Materials | Learned Storage stockpile data 944 | -10/Materials | Learned 4 Recycling zone layouts 959 | -10/Materials | Learned location of 1 exit from Storage 966 | -10/Materials | Learned location of Storage (-8) 968 | -10/Materials | Learned 2 Mines zone layouts 969 | -10/Materials | Identified exit to Materials 975 | -10/Materials | Identified exit to Mines 975 | -10/Materials | Identified exit to Subcaves 990 | -10/Materials | Learned Storage trap positions 1067 | -10/Materials | Entered Mines 1216 | -10/Mines | Discovered exit to Materials (range 7) 1494 | -10/Mines | Learned Materials trap positions 1498 | -10/Mines | Learned Materials terminal intel 1532 | -10/Mines | Entered Materials 1532 | -9/Materials | Evolved 2 slots: Propulsion x1, Utility x1 1533 | -9/Materials | Identified exit to Mines 1534 | -9/Materials | Loaded intel: 19 trap records 1535 | -9/Materials | Loaded intel: 12 terminal locations 1887 | -9/Materials | Entered Mines 1988 | -9/Mines | Learned Materials trap positions 2091 | -9/Mines | Lost 6 parts (3n2u1w) 2161 | -9/Mines | Met a Derelict shopkeep closing up shop 2207 | -9/Mines | Discovered new exit (range 16) 2337 | -9/Mines | Deemed a non-threat by the Exiles lab entrance 2337 | -9/Mines | Discovered new exit (range 5) 2410 | -9/Mines | Build established: Scavenger-Mutant 2589 | -9/Mines | Discovered new exit (range 7) 2750 | -9/Mines | Entered Exiles 2750 | -9/Exiles | Accompanied by 2 allies 2780 | -9/Exiles | Led the pair of lost Derelicts to a safe place 2781 | -9/Exiles | Met 8R-AWN 2801 | -9/Exiles | Met EX-HEX 2847 | -9/Exiles | Met EX-DEC 2855 | -9/Exiles | Learned location of Zion (-6) 3002 | -9/Exiles | Discovered new exit (range 10) 3014 | -9/Exiles | Entered Mines 3035 | -8/Mines | Core integrity fell below 50% 3321 | -8/Mines | Discovered new exit (range 8) 3713 | -8/Mines | Entered Materials 3713 | -8/Materials | Evolved 2 slots: Propulsion x1, Utility x1 3714 | -8/Materials | Loaded intel: 26 trap records 3965 | -8/Materials | Central database locked down 4360 | -8/Materials | Identified exit to Storage 4630 | -8/Materials | Learned location of Lower Caves (-6) 4706 | -8/Materials | Learned Factory trap positions 4770 | -8/Materials | Learned 2 Lower Caves zone layouts 4823 | -8/Materials | Learned Factory trap positions 4896 | -8/Materials | Identified exit to Factory 4939 | -8/Materials | Learned Storage trap positions 5212 | -8/Materials | Entered Storage 5213 | -8/Storage | Identified exit to Recycling 5214 | -8/Storage | Loaded intel: 15 trap records 5285 | -8/Storage | Assisted by bots powering up and referring to "LRC-V3" 5614 | -8/Storage | Build established: Commander-Mutant 5881 | -8/Storage | Learned location of 1 exit from Storage 6012 | -8/Storage | First assault squad dispatched 6056 | -8/Storage | Learned location of 1 exit from Storage 6095 | -8/Storage | Learned Factory trap positions 6097 | -8/Storage | Destroyed 7 combat bots 6099 | -8/Storage | Lost 7 allies 6143 | -8/Storage | Lost 7 parts (2n3u2w) 6206 | -8/Storage | Learned location of 1 exit from Lower Caves 6275 | -8/Storage | Lost 3 parts (2n1w) 6284 | -8/Storage | Core integrity fell below 50% 6506 | -8/Storage | Repaired Hacking Suite 6535 | -8/Storage | Used back door to open Recycling access 6638 | -8/Storage | Entered Recycling 6879 | -8/Recycling | Build established: Mutant 7086 | -8/Recycling | Discovered new exit (range 12) 7201 | -8/Recycling | Learned 4 Recycling zone layouts 7270 | -8/Recycling | Learned 2 Storage zone layouts 7331 | -8/Recycling | Learned 8 Factory zone layouts 7382 | -8/Recycling | Loaded intel: 5 recycling unit locations 7425 | -8/Recycling | Learned 4 Recycling zone layouts 7462 | -8/Recycling | Scanned before Scraplab entrance 7489 | -8/Recycling | Entered Scraplab 7504 | -8/Recycling | Discovered new exit (range 3) 7557 | -8/Recycling | Entered Scraptown 7619 | -8/Scraptown | Visited Scrapoid Research Area 7642 | -8/Scraptown | Visited Spacefarers 7667 | -8/Scraptown | Visited CPS Storage 7740 | -8/Scraptown | Visited CR-KLE's Repair Center 7758 | -8/Scraptown | Visited Cyclists 7794 | -8/Scraptown | Visited UFD Registry 7794 | -8/Scraptown | Registered with UFD as "Megathruster" 7831 | -8/Scraptown | Visited Chapter 10 7857 | -8/Scraptown | Visited Observation Area 7882 | -8/Scraptown | Visited Research Penetration Think Tank 7918 | -8/Scraptown | Visited DA-N13 Charitable Foundation 7925 | -8/Scraptown | Found DCF Scrap (32 items) 7984 | -8/Scraptown | Visited Analyses Database 8015 | -8/Scraptown | Visited Derelict Rescue Squad 8040 | -8/Scraptown | Visited Botcube Research 8069 | -8/Scraptown | Visited Junk Cannon Lab 8098 | -8/Scraptown | Visited LU-1G1's Boring Crew 8557 | -8/Scraptown | Heard Great Nut preacher, LISTEN AND RECITE! 8611 | -8/Scraptown | Discovered new exit (range 13) 8814 | -8/Scraptown | Found Prototype Special Weapon 8814 | -8/Scraptown | Identified Junk Cannon 9011 | -8/Scraptown | Found DRS Beacon 9097 | -8/Scraptown | CR-KLE repaired 2 parts 9128 | -8/Scraptown | Found Botcube 9205 | -8/Scraptown | Met Optimus 9205 | -8/Scraptown | Accepted into 0bPrime 9218 | -8/Scraptown | Discovered new exit (range 3) 9219 | -8/Scraptown | Entered Factory 9219 | -6/Factory | Evolved 4 slots: Propulsion x2, Utility x2 9220 | -6/Factory | Identified exit to Lower Caves 9221 | -6/Factory | Identified exit to Factory 9222 | -6/Factory | Loaded intel: 93 trap records 9262 | -6/Factory | Loaded intel: 8 recycling unit locations 9278 | -6/Factory | Learned location of Protoforge (-2) 9359 | -6/Factory | Manually triggered Chute Trap 9359 | -6/Factory | Sucked down chute 9359 | -6/Factory | Entered Waste 9380 | -6/Waste | Spotted C-40 Crusher 9380 | -6/Waste | Spotted C-40 Crusher 9384 | -6/Waste | Spotted C-40 Crusher 9386 | -6/Waste | Spotted C-40 Crusher 9386 | -6/Waste | Spotted C-40 Crusher 9386 | -6/Waste | Spotted C-40 Crusher 9422 | -6/Waste | Discovered new exit (range 10) 9424 | -6/Waste | Entered Factory 9425 | -6/Factory | Loaded intel: 107 trap records 9427 | -6/Factory | Loaded intel: 8 recycling unit locations 9453 | -6/Factory | Found Prototype Launcher 9453 | -6/Factory | Identified Rocket Array 9544 | -6/Factory | Build established: Hacker-Sprinter 9576 | -6/Factory | Discovered exit to Factory (range 8) 9594 | -6/Factory | Learned location of Proximity Caves (-3) 9615 | -6/Factory | Entered another Factory area 9615 | -5/Factory | Evolved 2 slots: Power x1, Propulsion x1 9616 | -5/Factory | Loaded intel: 90 trap records 9640 | -5/Factory | Loaded intel: 8 recycling unit locations 9670 | -5/Factory | Spotted B-75 Beast 9719 | -5/Factory | Sucked down chute 9719 | -5/Factory | Entered Waste 9719 | -5/Waste | The area was eerily silent 9732 | -5/Waste | Found Broken Adv. Force Booster 9771 | -5/Waste | Discovered new exit (range 12) 9827 | -5/Waste | Entered Factory 9844 | -5/Factory | Discovered new exit (range 17) 9860 | -5/Factory | Loaded intel: 8 recycling unit locations 9912 | -5/Factory | Spotted B-75 Beast 9935 | -5/Factory | Identified exit to Upper Caves 9988 | -5/Factory | Entered Upper Caves 9995 | -5/Upper Caves | Encountered a Warlord checkpoint 10061 | -5/Upper Caves | Activated DRS Beacon 10188 | -5/Upper Caves | Attracted the attention of an 0b10 outpost 10194 | -5/Upper Caves | Discovered new exit (range 6) 10198 | -5/Upper Caves | Entered another Upper Caves area 10206 | -5/Upper Caves | Attracted the attention of an 0b10 outpost 10267 | -5/Upper Caves | Discovered new exit (range 5) 10269 | -5/Upper Caves | Entered Zhirov 10269 | -5/Zhirov | Discovered new exit (range 3) 10275 | -5/Zhirov | Met Zhirov 10280 | -5/Zhirov | Learned location of Quarantine (-3) 10283 | -5/Zhirov | Zhirov requested help retrieving the SGEMP Prototype 10299 | -5/Zhirov | Found Alien Artifact 10299 | -5/Zhirov | Identified Integrated Dissipator 10299 | -5/Zhirov | Installed Integrated Dissipator, increased core heat dissipation (+20) 10312 | -5/Zhirov | Found Alien Artifact 10343 | -5/Zhirov | Attached CPS modules to Q050-o. 10402 | -5/Zhirov | Attached CPS modules to Q656-y. 10451 | -5/Zhirov | Entered Proximity Caves 10464 | -4/Proximity Caves | Learned 4 Research zone layouts 10497 | -4/Proximity Caves | Spotted B-86 Titan 10505 | -4/Proximity Caves | Discovered new exit (range 14) 10508 | -4/Proximity Caves | Attracted the attention of an 0b10 checkpoint 10508 | -4/Proximity Caves | Entered Factory 10508 | -4/Factory | Evolved 2 slots: Utility x2 10509 | -4/Factory | Identified exit to Extension 10519 | -4/Factory | Watched by a mysterious "MATRIX" hacker. 10588 | -4/Factory | Loaded intel: 8 recycling unit locations 10645 | -4/Factory | Entered Extension 10668 | -4/Extension | Rescued a captive Derelict 10715 | -4/Extension | Rescued a captive Derelict 10717 | -4/Extension | Rescued a captive Derelict 10817 | -4/Extension | Lost 5 allies 10821 | -4/Extension | Rescued A7 11174 | -4/Extension | Spotted B-86 Titan 11181 | -4/Extension | Spotted B-86 Titan 11205 | -4/Extension | Extracted ID and sensor layout for unrecognized location from A7's data core 11235 | -4/Extension | Lost 6 allies 11280 | -4/Extension | Rescued a captive Derelict 11281 | -4/Extension | Rescued a captive Derelict 11281 | -4/Extension | Rescued a captive Derelict 11302 | -4/Extension | Rescued a captive Derelict 11302 | -4/Extension | Rescued a captive Derelict 11303 | -4/Extension | Rescued a captive Derelict 11310 | -4/Extension | Rescued a captive Derelict 11337 | -4/Extension | Rescued a captive Derelict 11338 | -4/Extension | Rescued a captive Derelict 11339 | -4/Extension | Rescued a captive Derelict 11339 | -4/Extension | Rescued a captive Derelict 11353 | -4/Extension | Lost 4 allies 11368 | -4/Extension | Rescued a captive Derelict 11369 | -4/Extension | Rescued a captive Derelict 11598 | -4/Extension | Discovered new exit (range 10) 11598 | -4/Extension | Discovered new exit (range 6) 11603 | -4/Extension | Lost 5 allies 11604 | -4/Extension | Disrupted transfer network 11657 | -4/Extension | Entered Cetus 11657 | -4/Cetus | Accompanied by 11 allies 11713 | -4/Cetus | Spotted Cetus Guard 11713 | -4/Cetus | Spotted Cetus Guard 11717 | -4/Cetus | Spotted Cetus Guard 11723 | -4/Cetus | Spotted Cetus Guard 11727 | -4/Cetus | Allies destroyed Cetus Guard 11733 | -4/Cetus | Allies destroyed Cetus Guard 11734 | -4/Cetus | Allies destroyed Cetus Guard 11737 | -4/Cetus | Allies destroyed Cetus Guard 11768 | -4/Cetus | Lost 5 allies 11863 | -4/Cetus | Botcube activated 11885 | -4/Cetus | Botcube completed mutation into treaded form, armed with 2 guns. 11892 | -4/Cetus | Discovered new exit (range 22) 11947 | -4/Cetus | Spotted Cetus Guard 11947 | -4/Cetus | Spotted Cetus Guard 11954 | -4/Cetus | Spotted Cetus Guard 11954 | -4/Cetus | Spotted Cetus Guard 11970 | -4/Cetus | Allies destroyed Cetus Guard 11970 | -4/Cetus | Allies destroyed Cetus Guard 11979 | -4/Cetus | Allies destroyed Cetus Guard 11980 | -4/Cetus | Allies destroyed Cetus Guard 11982 | -4/Cetus | Discovered new exit (range 22) 11985 | -4/Cetus | Met Revision 17 11998 | -4/Cetus | Lost 5 allies 12049 | -4/Cetus | Murdered *Cetus Guard v1.1 12049 | -4/Cetus | Destroyed *Cetus Guard v1.1 12053 | -4/Cetus | Found Botcube 12190 | -4/Cetus | Botcube activated 12212 | -4/Cetus | Botcube completed mutation into treaded form, armed with 2 guns. 12240 | -4/Cetus | Entered Archives 12240 | -4/Archives | Accompanied by 2 allies 12338 | -4/Archives | Discovered new exit (range 17) 12342 | -4/Archives | Discovered new exit (range 16) 12396 | -4/Archives | Discovered new exit (range 14) 12474 | -4/Archives | Entered Hub_04(d) 12474 | -4/Hub_04(d) | Accompanied by 1 ally 12479 | -4/Hub_04(d) | Network Hub disabled 12487 | -4/Hub_04(d) | Spotted Lightning 12487 | -4/Hub_04(d) | Spotted Lightning 12487 | -4/Hub_04(d) | Spotted Lightning 12503 | -4/Hub_04(d) | Spotted Lightning 12503 | -4/Hub_04(d) | Spotted Lightning 12503 | -4/Hub_04(d) | Spotted Lightning 12504 | -4/Hub_04(d) | Network Hub disabled 12510 | -4/Hub_04(d) | Discovered new exit (range 9) 12515 | -4/Hub_04(d) | Spotted Lightning 12515 | -4/Hub_04(d) | Spotted Lightning 12525 | -4/Hub_04(d) | Network Hub disabled 12525 | -4/Hub_04(d) | Discovered new exit (range 15) 12525 | -4/Hub_04(d) | Spotted Lightning 12525 | -4/Hub_04(d) | Network Hub disabled 12538 | -4/Hub_04(d) | Core integrity fell below 50% 12540 | -4/Hub_04(d) | System corruption reached 10% 12541 | -4/Hub_04(d) | Core integrity fell below 20% 12543 | -4/Hub_04(d) | Destroyed by Lightning with EMDS Last Messages --------------- 12534_ EMDS Slug penetrates Wall. 12534_ Lrn. IFF Parser destroyed. 12536_ Imp. VTOL Module destroyed. 12536_ Penetrated by EMDS Slug. 12536_ Control Node disabled. 12536_ EMDS Slug penetrates Garrison Access. 12536_ Lgt. Antimatter Reactor destroyed. 12537_ EMDS Slug penetrates Wall. 12537_ Penetrated by Slug. 12537_ Cld. Nuclear Pulse Thruster destroyed. 12538_ Slammed into Lightning. 12538_ Machine Analyzer broken. 12538_ Destabilizing: Short circuit. 12538_ Penetrated by EMDS Slug. 12539_ EMDS Slug penetrates Wall. 12540_ Penetrated by Slug. 12540_ Penetrated by EMDS Slug. 12541_ EMDS Slug penetrates Wall. 12542_ Slammed into Lightning. 12542_ Penetrated by EMDS Slug. Map ----- +----------------------------------------------------+ | ?????????????????????????????????????????????????? | | ?????????????????????????????????????????????????? | | ?????????????????????????????????????????????????? | | ?????????????????????????????????????????????????? | | ?????????????????????????????????????????????????? | | ?????????????????????????????????????????????????? | | ?????????????????????????????????????????????????? | | "?"??????????????????????????????????????????????? | | "?"??????????????????????????????????????????????? | | "?"??????????????????????????????????????????????? | | ??????????????????????H??????????????????????????? | | "?"??????????????????????????????????????????????? | | "?"??????????????????????????????? ??????????? | | "?"??????????????????????????????? = ???????? | | ?????????????????????????????????? ?????? | | ???????????????????T"????????????? """"""""""#???? | | +#########+#### ##?"???????????## ??? | | ??????????? ?? | | ??????????? ? | | ??????????? ? | | +################???????????????! | | ####### ##########????####### | | " # ###### # | | " # """"" """ # ! # " # | | " # ""T"" hhh ih # " " # | | " """ # h